[Event "ICC tourney 1955 (60 10)"]
[Site "Internet Chess Club"]
[Date "2020.08.09"]
[Round "9"]
[White "harkerchess"]
[Black "AVS"]
[Result "1-0"]
[ICCResult "Black checkmated"]
[WhiteElo "1941"]
[BlackElo "1813"]
[Opening "QGD: exchange, positional line, 5...c6"]
[ECO "D35"]
[NIC "QO.16"]
[Time "18:31:54"]
[TimeControl "3600+10"]

1. d4 d5 2. c4 e6 3. Nc3 Nf6 4. cxd5 exd5 5. Bg5 c6 6. e3 Be7 7. Bd3 Nbd7 8.
Nge2 h6 9. Bh4 O-O 10. Qc2 Re8 11. O-O Nf8 12. f3 Ne6 13. Bf2 Bd6 14. h3 Bd7
15. e4 dxe4 16. fxe4 Bc7 17. Bh4 g5 18. e5 Nh5 19. Bf2 Nhf4 20. Nxf4 Nxf4
21. Be4 Be6 22. Be3 Kh8 23. Qd2 Rg8 24. Kh1 Nh5 25. Ne2 Bd5 26. Bc2 Bc4 27.
Bd3 Bxd3 28. Qxd3 Qd7 29. Qb3 Raf8 30. g4 Bd8 31. Rf3 Ng7 32. Raf1 Ne6 33.
Qc3 Rg6 34. Ng3 Qd5 35. Kg1 Kg8 36. Nf5 f6 37. Qa3 a6 38. b3 c5 39. exf6
Nxd4 40. Bxd4 cxd4 41. Ne7+ Bxe7 42. fxe7 Re8 43. Rf8+ Kg7 44. Rxe8 Re6 45.
Rg8+ Kxg8 46. Rf8+ Kg7 47. e8=Q Rxe8 48. Rxe8 d3 49. Qe7+ Kg6 50. Qe6+ Qxe6
51. Rxe6+ Kf7 52. Rd6 Ke7 53. Rxd3 Ke6 54. Rc3 Kd6 55. Rf3 Ke6 56. Kf2 b5
57. b4 Kd5 58. Rf6 Kc4 59. Rxh6 Kxb4 60. Rxa6 Kc3 61. Rg6 b4 62. Rxg5 Kb2
63. Rb5 Ka3 64. h4 Ka4 65. Rxb4+ Kxb4 66. h5 Ka3 67. h6 Kxa2 68. h7 Kb3 69.
g5 Kb4 70. g6 Kc3 71. g7 Kc4 72. g8=Q+ Kc3 73. h8=Q+ Kd3 74. Qhh7+ Kd4 75.
Qgg7+ Kd5 76. Qf5+ Kc4 77. Qc7+ Kb4 78. Qb1+ Ka3 79. Qa5# {Black checkmated}
1-0

[Event "ICC tourney 1955 (60 10)"]
[Site "Internet Chess Club"]
[Date "2020.08.09"]
[Round "9"]
[White "adelie"]
[Black "watermelon"]
[Result "1-0"]
[ICCResult "Black checkmated"]
[WhiteElo "1953"]
[BlackElo "1712"]
[Opening "Réti: advance variation"]
[ECO "A09"]
[NIC "RE.17"]
[Time "18:32:33"]
[TimeControl "3600+10"]

1. Nf3 d5 2. c4 d4 3. b4 c5 4. bxc5 Nc6 5. d3 e5 6. g3 Bxc5 7. Bg2 Nf6 8.
O-O O-O 9. Nbd2 Bf5 10. Qb3 Qd7 11. Qb5 Bd6 12. c5 Bc7 13. Nc4 Rab8 14. Ba3
a6 15. Qa4 e4 16. dxe4 Nxe4 17. Nb6 Bxb6 18. cxb6 Nc3 19. Qc4 Na5 20. Qc7
Nxe2+ 21. Kh1 Rfe8 22. Rad1 Rbd8 23. Rfe1 Nc3 24. Rxe8+ Qxe8 25. Re1 Qd7 26.
Qxd7 Bxd7 27. Nxd4 h6 28. Bb4 Bc6 29. Nxc6 Nxc6 30. Bxc3 Rc8 31. h4 g5 32.
hxg5 hxg5 33. Bf6 g4 34. Rc1 Kh7 35. Bxc6 bxc6 36. Be5 Kg6 37. b7 Re8 38.
b8=Q Rxb8 39. Rxc6+ Kf5 40. Bxb8 Ke4 41. Rxa6 Kf3 42. Rf6+ Ke2 43. a4 Ke1
44. a5 Kf1 45. a6 Ke1 46. a7 Kf1 47. a8=Q Ke1 48. Qe4+ Kd2 49. Qe3+ Kd1 50.
Rd6+ Kc2 51. Qc5+ Kb3 52. Rb6+ Ka2 53. Qa5# {Black checkmated} 1-0

[Event "ICC tourney 1955 (60 10)"]
[Site "Internet Chess Club"]
[Date "2020.08.09"]
[Round "9"]
[White "LoopyLoop"]
[Black "davidbtn"]
[Result "1-0"]
[ICCResult "Black checkmated"]
[WhiteElo "1646"]
[BlackElo "1761"]
[Opening "French: exchange variation"]
[ECO "C01"]
[NIC "FR.01"]
[Time "18:32:44"]
[TimeControl "3600+10"]

1. e4 e6 2. d4 d5 3. exd5 exd5 4. Bd3 Bd6 5. c3 c6 6. Ne2 Qc7 7. h3 Ne7 8.
O-O Bf5 9. Qc2 Bxd3 10. Qxd3 O-O 11. Qf3 Ng6 12. Nd2 Nd7 13. Qd3 Rfe8 14.
Nf3 Nf6 15. Be3 Ne4 16. Nd2 Nh4 17. Nxe4 Rxe4 18. c4 Qe7 19. Nc3 Re6 20.
cxd5 Rg6 21. g3 Qd7 22. Kh2 Qc7 23. f4 Qb6 24. Rab1 Qd8 25. gxh4 Qxh4 26.
Ne2 Rh6 27. Bd2 Re8 28. Rf3 g5 29. Rg1 Kh8 30. Rg2 g4 31. Rfg3 cxd5 32. Rxg4
Rxe2 33. Rg8# {Black checkmated} 1-0

[Event "ICC tourney 1955 (60 10)"]
[Site "Internet Chess Club"]
[Date "2020.08.09"]
[Round "9"]
[White "hursha6b5"]
[Black "saatvik"]
[Result "1-0"]
[ICCResult "Black checkmated"]
[WhiteElo "1931"]
[BlackElo "1777"]
[Opening "Pirc: Ufimtsev-Pytel variation"]
[ECO "B07"]
[NIC "PU.08"]
[Time "18:31:38"]
[TimeControl "3600+10"]

1. e4 d6 2. d4 Nf6 3. Nc3 c6 4. f4 Qa5 5. Bd3 e5 6. Nf3 exd4 7. Nxd4 Be7 8.
O-O O-O 9. Kh1 Qd8 10. h3 Nbd7 11. Qe1 Re8 12. Nf5 Bf8 13. Qg3 g6 14. Bd2
Nh5 15. Qf3 Nc5 16. Be1 gxf5 17. Qxh5 fxe4 18. Bh4 f6 19. Bc4+ d5 20. Rad1
Qe7 21. Rxd5 cxd5 22. Nxd5 Be6 23. Nxe7+ Bxe7 24. Bxe6+ Nxe6 25. Qd5 Bb4 26.
f5 Rad8 27. Qb3 e3 28. Qxb4 Rd4 29. Qe1 Ng5 30. Qg3 e2 31. Re1 Rd1 32. Bxg5
fxg5 33. Kh2 h6 34. Qc3 Kf7 35. Rxe2 Rxe2 36. Qc4+ Kf6 37. Qxe2 Rd5 38. Qe6+
Kg7 39. Qxd5 Kf8 40. f6 Ke8 41. Qxb7 Kd8 42. f7 g4 43. f8=Q# {Black
checkmated} 1-0

[Event "ICC tourney 1955 (60 10)"]
[Site "Internet Chess Club"]
[Date "2020.08.09"]
[Round "9"]
[White "Sricharan07"]
[Black "ickyquarter"]
[Result "1/2-1/2"]
[ICCResult "Game drawn by repetition"]
[WhiteElo "1898"]
[BlackElo "2115"]
[Opening "Sicilian: Alapin's variation (2.c3)"]
[ECO "B22"]
[NIC "SI.47"]
[Time "18:31:47"]
[TimeControl "3600+10"]

1. e4 c5 2. c3 Nf6 3. e5 Nd5 4. d4 cxd4 5. cxd4 g6 6. Nf3 Bg7 7. Be2 O-O 8.
O-O d6 9. Bc4 Nb6 10. Bb3 Bg4 11. Bf4 Nc6 12. exd6 exd6 13. d5 Nd4 14. Nbd2
Nxf3+ 15. Nxf3 Bxb2 16. Rb1 Bg7 17. h3 Bf5 18. Bc2 Bxc2 19. Qxc2 Nxd5 20.
Bg3 Nb6 21. Rfd1 Rc8 22. Qb3 d5 23. a4 Rc3 24. Qb5 Qc8 25. a5 Rc5 26. Qb4
Nc4 27. Qxb7 Qxb7 28. Rxb7 Rxa5 29. Bc7 Ra1 30. Rxa1 Bxa1 31. Rxa7 Bg7 32.
Bf4 Rd8 33. Ng5 Rf8 34. Rd7 Nb6 35. Rb7 Nc4 36. Rd7 h6 37. Nf3 g5 38. Bc1
Ra8 39. Kh2 Ra1 40. Be3 Rd1 41. Kg3 f5 42. Kh2 g4 43. Nh4 Be5+ 44. g3 Nxe3
45. fxe3 Rd2+ 46. Ng2 d4 47. exd4 Bxd4 48. Rd8+ Kf7 49. Rd7+ Kg6 50. Rd6+
Kg7 51. Rd7+ Kg8 52. Rd8+ Kg7 53. Rd7+ Kg6 54. Rd6+ Kg7 55. Rd7+ Kf6 56.
Rd6+ Kg7 57. Rd7+ {Game drawn by repetition} 1/2-1/2

[Event "ICC tourney 1955 (60 10)"]
[Site "Internet Chess Club"]
[Date "2020.08.09"]
[Round "9"]
[White "annameiyappan"]
[Black "Lukastico"]
[Result "1-0"]
[ICCResult "Black resigns"]
[WhiteElo "2067"]
[BlackElo "1911"]
[Opening "French defense, Steiner variation"]
[ECO "C00"]
[NIC "FR.01"]
[Time "18:32:11"]
[TimeControl "3600+10"]

1. e4 e6 2. c4 d5 3. exd5 exd5 4. cxd5 Nf6 5. Bb5+ Bd7 6. Bc4 b5 7. Bb3 a5
8. Ne2 Bd6 9. d4 a4 10. Bc2 Nxd5 11. O-O Qh4 12. Ng3 O-O 13. Qf3 c6 14. Nc3
Bg4 15. Qe4 Nf6 16. Qd3 Na6 17. a3 Bh5 18. Nce4 Bg6 19. Bg5 Qxg5 20. Nxg5
Bxd3 21. Bxd3 Rfd8 22. Nf5 h6 23. Nf3 Rac8 24. Rac1 Nb8 25. Bxb5 cxb5 26.
Rxc8 Bxh2+ 27. Nxh2 Rxc8 28. Ne7+ {Black resigns} 1-0

[Event "ICC tourney 1955 (60 10)"]
[Site "Internet Chess Club"]
[Date "2020.08.09"]
[Round "9"]
[White "firewoods"]
[Black "vedrau"]
[Result "1-0"]
[ICCResult "Black resigns"]
[WhiteElo "2180"]
[BlackElo "1919"]
[Opening "Alekhine's defense: exchange variation"]
[ECO "B02"]
[NIC "AL.08"]
[Time "18:32:24"]
[TimeControl "3600+10"]

1. e4 Nf6 2. e5 Nd5 3. c4 Nb6 4. d4 d6 5. exd6 cxd6 6. Nc3 g6 7. Be3 Bg7 8.
Rc1 O-O 9. b3 e5 10. Nf3 Nc6 11. Be2 h6 12. O-O f5 13. d5 Nb8 14. b4 f4 15.
Bd2 Bf5 16. c5 N6d7 17. Nb5 e4 18. Nfd4 f3 19. gxf3 Qh4 20. Nxf5 Rxf5 21.
fxe4 Rf8 22. Nc7 Nf6 23. f3 Nh5 24. Be3 Be5 25. Rf2 Nd7 26. Nxa8 Ndf6 27.
Nc7 Nxe4 28. Rg2 Ng5 29. Bxg5 hxg5 30. Ne6 Nf4 31. Nxf4 Qxf4 32. Rc4 Qe3+
33. Kh1 Kg7 34. c6 Rh8 35. c7 Bxh2 36. Rxh2 Rxh2+ 37. Kxh2 Qf2+ 38. Kh1
{Black resigns}
1-0

[Event "ICC tourney 1955 (60 10)"]
[Site "Internet Chess Club"]
[Date "2020.08.09"]
[Round "9"]
[White "mydogeatschess"]
[Black "kwen2008"]
[Result "0-1"]
[ICCResult "White checkmated"]
[WhiteElo "1862"]
[BlackElo "1708"]
[Opening "Four knights: Scotch, 4...exd4"]
[ECO "C47"]
[NIC "KP.06"]
[Time "18:32:16"]
[TimeControl "3600+10"]

1. e4 e5 2. Nf3 Nc6 3. Nc3 Nf6 4. d4 exd4 5. Nxd4 Bb4 6. Nxc6 bxc6 7. Bd3 d5
8. exd5 cxd5 9. O-O O-O 10. h3 c6 11. Bf4 Re8 12. Qf3 Bd7 13. a3 Bxc3 14.
bxc3 Ne4 15. c4 Bf5 16. Rfe1 Bg6 17. a4 a5 18. cxd5 cxd5 19. Rab1 Qf6 20.
Rb5 Qc3 21. Reb1 Qd4 22. Be3 Qxa4 23. Rxd5 Qa2 24. c4 Nf6 25. Rb7 Bxd3 26.
Rxd3 Qxc4 27. Bg5 Ne4 28. Bh6 gxh6 29. Rdd7 Ng5 30. Qh5 Re1+ 31. Kh2 Qf4+
32. g3 Qxf2# {White checkmated} 0-1

[Event "ICC tourney 1955 (60 10)"]
[Site "Internet Chess Club"]
[Date "2020.08.09"]
[Round "9"]
[White "caracal"]
[Black "chessmate09520"]
[Result "1/2-1/2"]
[ICCResult "Game drawn by mutual agreement"]
[WhiteElo "1982"]
[BlackElo "2068"]
[Opening "King's Indian: orthodox, Aronin-Taimanov, Benkö attack"]
[ECO "E99"]
[NIC "KI.02"]
[Time "18:32:38"]
[TimeControl "3600+10"]

1. d4 Nf6 2. c4 g6 3. Nc3 Bg7 4. e4 d6 5. Nf3 O-O 6. Be2 e5 7. O-O Nc6 8. d5
Ne7 9. Ne1 Nd7 10. f3 f5 11. g4 f4 12. h4 a5 13. Kg2 h6 14. Nd3 b6 15. a3
Ba6 16. Nf2 Rf7 17. b4 axb4 18. axb4 Nc8 19. Rh1 Bf6 20. h5 g5 21. Rxa6 Rxa6
22. c5 Ra1 23. c6 Nf8 24. b5 Ne7 25. Qb3 Qa8 26. Bb2 Rxh1 27. Kxh1 Nh7 28.
Qa2 Rf8 29. Nd3 Qxa2 30. Nxa2 Nxd5 31. exd5 e4 32. fxe4 f3 33. Bxf3 Bxb2 34.
Kg2 Ba1 35. Nab4 Nf6 36. Na6 Ne8 37. Nc1 Kf7 38. Ne2 Be5 39. Nb8 Nf6 40. Na6
Ne8 41. Nb8 Ke7 42. Na6 Kd8 43. Nc1 Nf6 44. Nd3 Bd4 45. Nab4 Re8 46. Nc2 Bc5
47. e5 dxe5 48. Nxc5 bxc5 49. Ne3 Ke7 50. Nf5+ Kd8 51. Nxh6 e4 52. Be2 Nxd5
53. Nf7+ Kc8 54. b6 Nxb6 55. h6 c4 56. Bxc4 Nxc4 57. h7 Kb8 58. Kf2 Ka7 59.
h8=Q Rxh8 60. Nxh8 Kb6 61. Nf7 Kxc6 62. Nxg5 Kd5 63. Nh7 Ke5 64. g5 Kf5 65.
Nf8 Ne5 66. Ke3 c5 67. g6 Ng4+ 68. Ke2 Nf6 69. g7 Ng8 70. Nd7 c4 71. Nb6 c3
72. Nd5 c2 73. Kd2 Ke5 74. Ne3 {Game drawn by mutual agreement} 1/2-1/2

[Event "ICC tourney 1955 (60 10)"]
[Site "Internet Chess Club"]
[Date "2020.08.09"]
[Round "9"]
[White "Blue-Elephant1"]
[Black "Zues9393"]
[Result "0-1"]
[ICCResult "White resigns"]
[WhiteElo "2078"]
[BlackElo "2000"]
[Opening "Benkö gambit half accepted"]
[ECO "A57"]
[NIC "BI.43"]
[Time "18:32:43"]
[TimeControl "3600+10"]

1. d4 Nf6 2. c4 c5 3. d5 b5 4. cxb5 a6 5. e3 g6 6. Nc3 Bg7 7. Nf3 O-O 8. a4
d6 9. e4 axb5 10. Bxb5 Ba6 11. Bd2 Bxb5 12. axb5 Nbd7 13. O-O Ng4 14. Qe2
Qc7 15. Rxa8 Rxa8 16. Ne1 Ngf6 17. Nc2 Nb6 18. Na3 Nfd7 19. Nc4 Na4 20. Ra1
Ndb6 21. Qd1 Nxc4 22. Rxa4 Rxa4 23. Nxa4 Qb7 24. b6 Qa6 25. Bg5 Nxb6 26.
Nxb6 Qxb6 27. Bxe7 Bxb2 28. Qb1 c4 29. Bxd6 Qb3 30. Qf1 c3 31. g3 c2 32. Bf4
Qf3 33. Qb5 Bd4 34. Qf1 Qxe4 35. d6 Bc5 36. Qa6 Qxf4 {White resigns} 0-1

[Event "ICC tourney 1955 (60 10)"]
[Site "Internet Chess Club"]
[Date "2020.08.09"]
[Round "9"]
[White "Samuel-Colt"]
[Black "aritroc"]
[Result "0-1"]
[ICCResult "White resigns"]
[WhiteElo "1786"]
[BlackElo "1896"]
[Opening "Catalan: closed, 5.Nf3"]
[ECO "E06"]
[NIC "CA.04"]
[Time "18:31:38"]
[TimeControl "3600+10"]

1. d4 Nf6 2. c4 e6 3. g3 d5 4. Bg2 Be7 5. Nf3 O-O 6. Nbd2 c5 7. O-O Nc6 8.
dxc5 Bxc5 9. cxd5 Nxd5 10. a3 Bb6 11. Nc4 Bc7 12. Ne3 Nf6 13. Bd2 e5 14. Bc3
Qe7 15. Qc2 h6 16. Rfd1 Be6 17. Nh4 Rfd8 18. Nhf5 Qf8 19. Rac1 Rac8 20. Rxd8
Bxd8 21. Qd2 Bb6 22. Bb4 Nxb4 23. Rxc8 Bxc8 24. axb4 Bc7 25. Qc2 Qd8 26. Qc5
b6 27. Qe7 Be6 28. Qxd8+ Bxd8 29. Bc6 Bc7 30. Ne7+ Kf8 31. N7d5 Nxd5 32.
Nxd5 Bd6 33. b5 Bc5 34. e4 Bd4 35. b3 f5 36. exf5 Bxf5 37. Nb4 Ke7 38. Bd5
Kd6 39. Bc4 Bc5 40. Na2 e4 41. Kf1 Ke5 42. Nc3 Bh3+ 43. Ke2 Bg4+ 44. Kf1 Kd4
45. Ne2+ Ke5 46. Nf4 e3 47. fxe3 Bxe3 48. Nd5 Bc5 49. Kg2 Kd4 50. h3 Bf5 51.
Nf4 Kc3 52. Ne6 Be4+ 53. Kh2 Bc2 54. Nxg7 Bxb3 55. Be2 Bc4 56. Bf3 Bxb5 57.
Nf5 Bf8 58. g4 a5 59. h4 Bd3 60. Ne3 a4 61. Nd5+ Kd4 62. Nxb6 a3 63. Bd5 Bc5
64. Ba2 Bxb6 65. g5 hxg5 66. hxg5 Kc3 67. Kh3 Bc4 68. Bxc4 Kxc4 69. g6 Bd4
{White resigns}
0-1

[Event "ICC tourney 1955 (60 10)"]
[Site "Internet Chess Club"]
[Date "2020.08.09"]
[Round "9"]
[White "OneEverest"]
[Black "chessw23"]
[Result "1/2-1/2"]
[ICCResult "Game drawn by mutual agreement"]
[WhiteElo "2021"]
[BlackElo "1861"]
[Opening "Giuoco Piano"]
[ECO "C54"]
[NIC "IG.02"]
[Time "18:32:44"]
[TimeControl "3600+10"]

1. e4 e5 2. Nf3 Nc6 3. Bc4 Bc5 4. c3 Nf6 5. d4 exd4 6. cxd4 Bb4+ 7. Bd2 Nxe4
8. Bxb4 Nxb4 9. Bxf7+ Kxf7 10. Qb3+ d5 11. Qxb4 Rf8 12. O-O Kg8 13. Nbd2
Nxd2 14. Nxd2 b6 15. Qc3 Qf6 16. Nf3 Bg4 17. Ne5 Be2 18. Nd7 Qd6 19. Nxf8
Bxf1 20. Rxf1 Rxf8 21. Rc1 Rc8 22. b4 c6 23. a3 Qf6 24. Qe3 Qd6 25. f4 Rf8
26. g3 Rc8 27. Kg2 Kf7 28. Qd3 g6 29. f5 Kg7 30. fxg6 hxg6 31. Qe3 Rc7 32.
Qf4 Qxf4 33. gxf4 Kf6 34. Kf3 Ke6 35. Kg4 Kf6 36. h4 Rc8 37. a4 Rc7 38. a5
Rc8 39. Ra1 c5 40. axb6 axb6 41. Ra6 cxd4 42. Rxb6+ Kf7 43. Rd6 Rb8 44. Kg5
Rxb4 45. Rxd5 Ke6 46. Rd8 Kf7 47. Rd7+ Ke6 48. Rg7 Rb5+ 49. Kxg6 d3 50. Ra7
d2 51. Ra6+ Kd5 52. Ra1 Ke4 53. Rd1 Kxf4 54. Rxd2 Rb6+ 55. Kg7 Kg4 56. Rh2
Kh5 57. Kh7 Rb7+ 58. Kg8 {Game drawn by mutual agreement} 1/2-1/2

[Event "ICC tourney 1955 (60 10)"]
[Site "Internet Chess Club"]
[Date "2020.08.09"]
[Round "9"]
[White "andrewf2009"]
[Black "Roger436"]
[Result "0-1"]
[ICCResult "White checkmated"]
[WhiteElo "1829"]
[BlackElo "1599"]
[Opening "Sicilian: dragon, classical, 9.Nb3"]
[ECO "B74"]
[NIC "SI.33"]
[Time "18:31:38"]
[TimeControl "3600+10"]

1. e4 c5 2. Nf3 Nc6 3. d4 cxd4 4. Nxd4 g6 5. Nc3 Bg7 6. Nb3 Nf6 7. Be3 O-O
8. Be2 d6 9. O-O Ne5 10. h3 Be6 11. f4 Nc4 12. Bxc4 Bxc4 13. Re1 a5 14. Nd2
Be6 15. Qf3 Rc8 16. Rad1 Nd7 17. f5 Bxc3 18. bxc3 Bxa2 19. Bh6 Ne5 20. Qg3
Re8 21. Bf4 Qb6+ 22. Be3 Rxc3 23. Qf2 Qc7 24. Bh6 Rxc2 25. f6 Nd3 26. Qh4
Nxe1 27. Bg5 h5 28. Rxe1 Qc5+ 29. Be3 Qe5 30. Rf1 exf6 31. Rxf6 Re6 32. Rf1
b5 33. Qf2 Re7 34. Bd4 Qe6 35. Qe3 f5 36. Qg5 Rf7 37. Qd8+ Rf8 38. Qg5 fxe4
39. Rxf8+ Kxf8 40. Qh6+ Ke7 41. Qg7+ Qf7 42. Qh6 Bc4 43. Qg5+ Kd7 44. Bb6
Qe7 45. Qe3 Qe5 46. Nxe4 Re2 47. Qh6 Rxe4 48. Qh7+ Qe7 49. Qxg6 Re1+ 50. Kh2
Qe5+ 51. g3 Qe2+ 52. Bf2 Qxf2# {White checkmated} 0-1

[Event "ICC tourney 1955 (60 10)"]
[Site "Internet Chess Club"]
[Date "2020.08.09"]
[Round "9"]
[White "JunlinTheWorld"]
[Black "chesslin"]
[Result "0-1"]
[ICCResult "White resigns"]
[WhiteElo "1712"]
[BlackElo "1956"]
[Opening "King's Indian: 6.Be2"]
[ECO "E91"]
[NIC "KI.19"]
[Time "18:31:58"]
[TimeControl "3600+10"]

1. e4 g6 2. d4 Bg7 3. c4 d6 4. Nc3 Nf6 5. Nf3 O-O 6. Be2 c5 7. d5 e6 8. O-O
exd5 9. exd5 Re8 10. Bg5 Nbd7 11. Qd2 a6 12. a3 Qc7 13. Rab1 Nb6 14. h3 Bf5
15. Bd3 Ne4 16. Nxe4 Bxe4 17. Nh2 f5 18. Rfe1 Bxd3 19. Qxd3 Na4 20. Qb3 Qd7
21. Re6 Rxe6 22. dxe6 Qc6 23. Rd1 Re8 24. e7 Nb6 25. Qe3 d5 26. cxd5 Nxd5
27. Qe2 h6 28. Qc4 hxg5 29. Nf3 Bf6 30. b3 Bd4 31. Nxg5 Rxe7 32. Nf3 Re4 33.
b4 Bxf2+ 34. Kxf2 Rxc4 35. Ne5 Rc2+ 36. Kf3 Qe6 {White resigns} 0-1

[Event "ICC tourney 1955 (60 10)"]
[Site "Internet Chess Club"]
[Date "2020.08.09"]
[Round "9"]
[White "Kyle2007"]
[Black "wolfchess1"]
[Result "1/2-1/2"]
[ICCResult "Game drawn by mutual agreement"]
[WhiteElo "1970"]
[BlackElo "2075"]
[Opening "Sicilian: Nimzovich-Rossolimo attack (without ...d6)"]
[ECO "B30"]
[NIC "SI.31"]
[Time "18:31:47"]
[TimeControl "3600+10"]

1. e4 c5 2. Nf3 Nc6 3. Bb5 Nf6 4. e5 Nd5 5. Nc3 Nxc3 6. dxc3 d5 7. exd6 exd6
8. O-O Be7 9. Bf4 O-O 10. Qd2 d5 11. Rad1 Be6 12. Ng5 Bd6 13. Bd3 h6 14.
Nxe6 fxe6 15. Bxd6 Qxd6 16. Qe3 Rf6 17. Rfe1 Raf8 18. Rd2 Kh8 19. Qg3 Qxg3
20. hxg3 c4 21. Bf1 Kg8 22. Rde2 Kf7 23. g4 g5 24. g3 Rd8 25. Bg2 Ne7 26.
Re3 Ng6 27. Rd1 b5 28. a3 Kg7 29. Re2 Rd6 30. Bh1 Rf7 31. Bg2 Rfd7 32. Bf3
Kf6 33. Bg2 Rd8 34. Kh1 Rh8 35. Kg1 Rhd8 36. Kh1 Rb6 37. Kg1 a5 38. Rde1
Rdd6 39. Ra1 Ne5 40. Rae1 Ng6 41. Ra1 Rb7 42. Kh1 Ke7 43. Rd1 Kd7 44. Ra1
Kc6 45. Rae1 Re7 46. Rd1 Kc5 47. Kg1 a4 48. Kh2 e5 49. Red2 d4 50. Be4 Nf8
{Game drawn by mutual agreement}
1/2-1/2

[Event "ICC tourney 1955 (60 10)"]
[Site "Internet Chess Club"]
[Date "2020.08.09"]
[Round "9"]
[White "KylanHuang"]
[Black "Adhvaith0406"]
[Result "1/2-1/2"]
[ICCResult "Game drawn by mutual agreement"]
[WhiteElo "1874"]
[BlackElo "1996"]
[Opening "Sicilian: Alapin's variation (2.c3)"]
[ECO "B22"]
[NIC "SI.47"]
[Time "18:31:36"]
[TimeControl "3600+10"]

1. e4 c5 2. c3 Nf6 3. e5 Nd5 4. d4 cxd4 5. cxd4 d6 6. Nf3 Nc6 7. Bc4 dxe5 8.
dxe5 Nb6 9. Qxd8+ Nxd8 10. Bb3 Be6 11. Bxe6 Nxe6 12. O-O g6 13. b3 Bg7 14.
Bb2 O-O 15. Nbd2 Rfd8 16. Rac1 Rd7 17. Nc4 Nxc4 18. Rxc4 Rad8 19. g3 b6 20.
Rfc1 h6 21. Kg2 Nc5 22. Bd4 Ne6 23. Bb2 Kh7 24. R1c2 Rd5 25. Ba3 R8d7 26.
Bb2 Nc5 27. Bd4 Nd3 28. Re2 b5 29. Rc3 Rxd4 30. Nxd4 Rxd4 31. Rc7 Nxe5 32.
Rxe7 a5 33. f4 Bf6 34. Rb7 Nd7 35. Rxb5 a4 36. bxa4 Rxa4 37. Rb7 Rd4 38. Rc2
Bd8 39. a4 Kg7 40. Ra2 Nc5 41. Ra7 Nb3 {Game drawn by mutual agreement}
1/2-1/2

[Event "ICC tourney 1955 (60 10)"]
[Site "Internet Chess Club"]
[Date "2020.08.09"]
[Round "9"]
[White "closedforce"]
[Black "winner08"]
[Result "1-0"]
[ICCResult "Black checkmated"]
[WhiteElo "1922"]
[BlackElo "1759"]
[Opening "Grünfeld: exchange variation"]
[ECO "D85"]
[NIC "GI.04"]
[Time "18:31:38"]
[TimeControl "3600+10"]

1. d4 Nf6 2. c4 g6 3. Nc3 d5 4. cxd5 Nxd5 5. e4 Nxc3 6. bxc3 Bg7 7. Qa4+ Bd7
8. Qa3 O-O 9. Nf3 e5 10. d5 c6 11. c4 f5 12. Bd3 cxd5 13. cxd5 fxe4 14. Bxe4
Bf5 15. Qe3 Nd7 16. O-O Bxe4 17. Qxe4 Nf6 18. Qxe5 Nxd5 19. Qe6+ Kh8 20. Bg5
Qa5 21. Rad1 Nf4 22. Bxf4 Rxf4 23. Rd7 Rd8 24. Rxb7 Rf6 25. Qe7 Rg8 26. Ne5
Qxa2 27. Rxa7 Qd5 28. Nf7+ Rxf7 29. Qxf7 Qd4 30. Rd7 Qc3 31. Rc7 Qd4 32. Rd7
Qc3 33. Re7 Qf6 34. Qxf6 Bxf6 35. Rf7 Bg7 36. Rd1 Re8 37. g3 Bf8 38. Rdd7
Bc5 39. Rxh7+ Kg8 40. Rhg7+ Kh8 41. Rxg6 Rf8 42. Rh6+ Kg8 43. Rg6+ Kh8 44.
Rd2 Bb4 45. Rb2 Bc3 46. Rc2 Kh7 47. Rg4 Ba5 48. h4 Re8 49. Rc5 Bb6 50. Rh5#
{Black checkmated}
1-0

[Event "ICC tourney 1955 (60 10)"]
[Site "Internet Chess Club"]
[Date "2020.08.09"]
[Round "9"]
[White "HiHiHidf"]
[Black "ImmorTalChamp"]
[Result "1-0"]
[ICCResult "Black checkmated"]
[WhiteElo "1958"]
[BlackElo "1790"]
[Opening "Sicilian defense"]
[ECO "B40"]
[NIC "SI.43"]
[Time "18:32:25"]
[TimeControl "3600+10"]

1. e4 c5 2. Nf3 e6 3. b3 d5 4. exd5 exd5 5. Bb5+ Bd7 6. Bxd7+ Nxd7 7. O-O
Be7 8. Re1 Ngf6 9. Qe2 Nb6 10. Bb2 d4 11. Nh4 g6 12. c3 dxc3 13. Nxc3 Kf8
14. Ne4 Nbd5 15. Rac1 Rc8 16. Ng5 Rc6 17. Nhf3 h6 18. Ne4 Kg7 19. Ne5 Rc7
20. Nc3 a6 21. Nxd5 Qxd5 22. Rc3 Rd8 23. Rd3 Qe6 24. Rg3 Qd5 25. Ng4 Rd6 26.
Be5 Re6 27. f4 Rd7 28. f5 Rc6 29. fxg6 fxg6 30. Bc3 Bd8 31. Ne5 Re7 32.
Rxg6+ Kh7 33. Rg3 Rce6 34. Re3 Bb6 35. Nc4 Rxe3 36. dxe3 Qe6 37. Nxb6 Qxb6
38. Rf1 Ne4 39. Ba1 Qe6 40. Qb2 Qg8 41. Qc2 Qg6 42. Rf8 Qe6 43. h4 h5 44.
Qe2 Ng3 45. Qf3 Qd6 46. Rh8+ Kg6 47. Rg8+ Kh7 48. Rxg3 Qd3 49. Qxh5#
{Black checkmated}
1-0

[Event "ICC tourney 1955 (60 10)"]
[Site "Internet Chess Club"]
[Date "2020.08.09"]
[Round "9"]
[White "VeronicaG"]
[Black "Mulan2009"]
[Result "1-0"]
[ICCResult "Black resigns"]
[WhiteElo "1832"]
[BlackElo "1595"]
[Opening "Queen's pawn, Mason variation"]
[ECO "D00"]
[NIC "QP.08"]
[Time "18:31:48"]
[TimeControl "3600+10"]

1. d4 d5 2. Bf4 e6 3. e3 Bd6 4. Bg3 c5 5. c3 Nf6 6. Nf3 Nc6 7. Nbd2 Ne4 8.
Nxe4 dxe4 9. Nd2 f5 10. Bxd6 Qxd6 11. Nc4 Qe7 12. dxc5 Qxc5 13. Qh5+ g6 14.
Qh6 Qf8 15. Qf4 Qg7 16. Nd6+ Ke7 17. Rd1 Rd8 18. Nb5 Rxd1+ 19. Kxd1 e5 20.
Qg5+ Qf6 21. Qxf6+ Kxf6 22. Bc4 Bd7 23. Kc1 Na5 24. Be2 Bxb5 25. Bxb5 a6 26.
Be2 Rd8 27. Rd1 Rxd1+ 28. Kxd1 b5 29. Kc2 Ke6 30. b4 Nc6 31. Kb3 Na7 32. a4
Kd6 33. c4 bxc4+ 34. Bxc4 a5 35. bxa5 Kc5 36. Bg8 h6 37. Bh7 f4 38. Bxg6 Nc6
39. Bxe4 Nxa5+ 40. Kc3 fxe3 41. fxe3 Nc4 42. Kd3 Nb2+ 43. Ke2 Nxa4 44. Kf3
Nc3 45. g4 Kd6 46. Bf5 Ke7 47. e4 Kf6 48. h4 Nb5 49. Ke3 Nd4 50. Kd3 Nf3 51.
h5 Kg5 52. Kc4 Kf4 53. Kd5 Ng5 54. Bg6 Nh3 55. Ke6 Nf2 56. Bf5 Kg5 57. Kxe5
Nd3+ 58. Kd4 Nf4 59. e5 Ne2+ 60. Kd5 Nc3+ 61. Kc6 Ne2 62. Kd7 Nf4 63. e6 Nd5
64. e7 Nf6+ 65. Kd8 Kf4 66. e8=Q Nxe8 67. Kxe8 Kg5 68. Kf7 Kf4 69. Kg6 Ke5
70. g5 hxg5 71. h6 g4 72. Bxg4 Ke4 73. h7 Kd4 74. h8=Q+ Kd5 75. Bf3+ Kc5 76.
Qd8 Kb5 77. Qc7 Kb4 78. Bd1 Ka3 79. Qc3+ Ka2 80. Bb3+ Kb1 81. Qc2+
{Black resigns}
1-0

[Event "ICC tourney 1955 (60 10)"]
[Site "Internet Chess Club"]
[Date "2020.08.09"]
[Round "9"]
[White "meghna"]
[Black "NK3"]
[Result "1/2-1/2"]
[ICCResult "Game drawn by mutual agreement"]
[WhiteElo "1933"]
[BlackElo "2152"]
[Opening "Sicilian: dragon, Yugoslav attack, Rauser variation"]
[ECO "B76"]
[NIC "SI.17"]
[Time "18:31:37"]
[TimeControl "3600+10"]

1. e4 c5 2. Nf3 d6 3. d4 cxd4 4. Nxd4 Nf6 5. Nc3 g6 6. Be3 Bg7 7. f3 O-O 8.
Qd2 Nc6 9. O-O-O d5 10. exd5 Nxd5 11. Nxc6 bxc6 12. Bd4 Nxc3 13. Qxc3 Bh6+
14. Be3 Bxe3+ 15. Qxe3 Qb6 16. Qxe7 Be6 17. Qa3 Qf2 18. Ba6 Qxg2 19. Bb7 Bf5
20. Qc3 Rae8 21. Rdg1 Qf2 22. Rf1 Qb6 23. Qxc6 Re2 24. Qxb6 Rxc2+ 25. Kb1
axb6 26. Be4 Bxe4 27. fxe4 Rc4 28. Rf6 Rxe4 29. Rxb6 f5 30. Rb3 f4 31. Rf3
g5 32. Rg1 Rf5 33. a3 Kf7 34. h3 h5 35. Kc2 Kf6 36. b4 Rd5 37. Kc3 Kf5 38.
Rb1 g4 39. hxg4+ hxg4 40. Rd3 Re3 41. Rxe3 fxe3 42. b5 e2 43. Re1 Rxb5 44.
Rxe2 Kf4 45. a4 Rg5 46. Kb4 g3 47. Rg2 Kf3 48. Rg1 Kf2 49. Rxg3 Kxg3 50. a5
Kf4 51. a6 Rg1 52. Kc5 Ke5 53. a7 Ra1 54. Kb6 Kd6 55. Kb7 Rb1+ 56. Kc8
{Game drawn by mutual agreement}
1/2-1/2